[Event "Early-Titled-Tuesday-Blitz-October-10-2023"]
[Site "Chess.com"]
[Date "2023.10.10"]
[Round "9"]
[White "LeoLV10"]
[Black "DonJuanEGenaro"]
[Result "1-0"]
[WhiteElo "2567"]
[BlackElo "1900"]
[TimeControl "180+1"]
[EndTime "9:44:27 PDT"]
[Termination "LeoLV10 won on time"]

1. e4 d6 2. d4 e5 3. Nf3 Nf6 4. Nc3 Nbd7 5. Bc4 Be7 6. O-O O-O 7. a4 c6 8. Re1 a5 9. b3 Nxe4 10. Rxe4 d5 11. Nxd5 cxd5 12. Bxd5 Nf6 13. c4 Nxe4 14.
Bxe4 exd4 15. Qd3 h6 16. Bb2 Bf6 17. Rd1 Re8 18. g3 Bg4 19. Bxb7 Rb8 20. Bc6 Re6 21. Bd5 Rd6 22. Qe4 Qd7 23. h3 Bxh3 24. Bxd4 Bf5 25. Qe3 Rxd5 26. cxd5 Qxd5 27. Re1 Rxb3 28. Qe8+ Kh7 29.
Bxf6 Rxf3 30. Qe5 Qxe5 31. Bxe5 Ra3 32. Bc7 Rxa4 33. Re5 Be6 34. Bxa5 g5 35. Bc3 Kg6 36. Bd2 Ra2 37. Be3 Ra1+ 38. Kg2 Bd7 39. f4 Bc6+ 40. Kf2 g4 41. Rc5 Bf3 42. Bd2 Ra2 43. Ke3 f6 44. f5+ Kh5 45. Rc7 Ra3+ 46. Kf2 1-0

[Event "Early-Titled-Tuesday-Blitz-October-10-2023"]
[Site "Chess.com"]
[Date "2023.10.10"]
[Round "9"]
[White "Fan_Of_Chucky"]
[Black "topin8"]
[Result "1-0"]
[WhiteElo "2546"]
[BlackElo "2440"]
[TimeControl "180+1"]
[EndTime "9:44:27 PDT"]
[Termination "Fan_Of_Chucky won on time"]

1. d4 Nf6 2. c4 c6 3. Nf3 d5 4. g3 Bf5 5. Nc3 e6 6. Nh4 Bg4 7. h3 Bh5 8. g4 Ne4 9. Nxe4 dxe4 10. Qb3 Nd7 11. Ng2 Bg6 12. Bd2 b5 13. cxb5 cxb5 14.
e3 b4 15. Nf4 Bd6 16. Nxg6 hxg6 17. Bg2 Nf6 18. Bxb4 Rb8 19. Qa4+ Qd7 20. Qxd7+ Kxd7 21. Bxd6 Kxd6 22. O-O-O Rhc8+ 23. Kb1 Nd5 24. Rc1 f5 25. Rxc8 Rxc8 26. Rc1 Rxc1+ 27. Kxc1 Nb4 28. Bf1 Nxa2+ 29. Kc2 Nb4+ 30. Kb3 Nd5 31. Kc4 a6 32. b4 Kc6 33. Be2 Kb6 34. Bd1 a5 35. bxa5+ Kxa5 36. Kc5 f4 37. Bc2 fxe3 38. fxe3 Nxe3 39. Bxe4 g5 40.
Kd6 Kb4 41. Kxe6 Kc3 42. d5 Nc4 43. d6 Nxd6 44. Kxd6 Kd4 45. Bf5 Ke3 46. Ke6 Kf4 47.
Kf7 Kg3 48. Kg6 Kxh3 49. Kxg5 1-0

[Event "Early-Titled-Tuesday-Blitz-October-10-2023"]
[Site "Chess.com"]
[Date "2023.10.10"]
[Round "9"]
[White "esrosenberg"]
[Black "Orest_Vovk"]
[Result "0-1"]
[WhiteElo "2385"]
[BlackElo "2530"]
[TimeControl "180+1"]
[EndTime "9:44:27 PDT"]
[Termination "Orest_Vovk won by resignation"]

1. d4 h6 2. e4 g5 3. Nc3 Bg7 4.
f4 c5 5. d5 Bxc3+ 6. bxc3 Qa5 7. Bb2 gxf4 8. Nf3 d6 9. Be2 Nf6 10. O-O Ng4 11. c4 Ne3 12. Qd3 Rg8 13. Rf2 Bh3 14. Ne1 Nd7 15. Bc3 Qa4 16. Bf3 Qxc4 17. Qd2 Ne5 18. Be2 Qa4 19. Rxf4 Nxg2 20. Nxg2 Bxg2 21.
Kf2 Bxe4 22. Rb1 O-O-O 23. Bb5 Rg2+ 24. Ke1 Qxa2 25. Ra1 Qxa1+ 26. Bxa1 Rxd2 27. Kxd2 Bxd5 28. c4 Be6 29. Kc3 Rg8 30. Ba4 Rg2 31. Bc2 Nxc4 32. Be4 Rxh2 33. Bf5 Ne5 34. Bxe6+ fxe6 35. Kb3 Kd7 36.
Bxe5 dxe5 37. Re4 Kd6 38. Re1 b5 39. Rd1+ Kc6 40. Ra1 Rh3+ 41. Kc2 Kb6 42. Re1 Rh5 43. Rd1 a5 44. Rd7 a4 45. Rxe7 b4 46. Rxe6+ Kb5 47. Re8 Kc4 48. Ra8 Rh2+ 49. Kb1 a3 50. Ka1 Kb3 0-1

[Event "Early-Titled-Tuesday-Blitz-October-10-2023"]
[Site "Chess.com"]
[Date "2023.10.10"]
[Round "9"]
[White "Duhless"]
[Black "GaiozNigalidze"]
[Result "1-0"]
[WhiteElo "2939"]
[BlackElo "2726"]
[TimeControl "180+1"]
[EndTime "9:44:28 PDT"]
[Termination "Duhless won by resignation"]

1. c4 g6 2. Nc3 Bg7 3. g3 d6 4. Bg2 Nf6 5. Nf3 O-O 6. O-O a6 7. b3 e5 8. Bb2 Nc6 9. d3 Bg4 10.
h3 Bxf3 11. Bxf3 Rb8 12. Rc1 Nd4 13. Bg2 Ne6 14. Nd5 c6 15. Nxf6+ Bxf6 16. b4 a5 17. b5 c5 18. e3 b6 19. Kh2 h5 20.
h4 Bg7 21. Bd5 Nc7 22. Bc6 d5 23. e4 d4 24. Rc2 Bh6 25. Kg2 Kg7 26. Rh1 Qf6 27.
Qe2 Ne6 28. Ba3 Rbd8 29. Rb2 Rd6 30. Rbb1 Nc7 31. Rbf1 Qe7 32. f4 exf4 33. gxf4 Ne6 34. Bc1 f5 35. e5 Rdd8 36. Rf2 Kh7 37. Qf3 Rg8 38. Qg3 Bf8 39. Kf1 Bh6 40. Rg1 Rg7 41. Rfg2 Nc7 42. Qh3 Qe6 43. Qf3 Rgg8 44. Bd2 Rg7 45.
Rg3 Rgg8 46. Qg2 Rg7 47. Bb7 Rgg8 48. Bf3 Rg7 49. Bxh5 Rdg8 50. Bf3 Nxb5 51. Bd5 1-0

[Event "Early-Titled-Tuesday-Blitz-October-10-2023"]
[Site "Chess.com"]
[Date "2023.10.10"]
[Round "9"]
[White "SchachmattTV_Tobi"]
[Black "Barmen_EV"]
[Result "0-1"]
[WhiteElo "2572"]
[BlackElo "2504"]
[TimeControl "180+1"]
[EndTime "9:44:28 PDT"]
[Termination "Barmen_EV won on time"]

1. d4 Nf6 2. c4 c5 3. d5 d6 4. Nc3 g6 5. e4 Bg7 6. Nf3 e5 7. Be2 O-O 8. O-O Ne8 9. Ne1 f5 10. exf5 gxf5 11. f4 e4 12. Be3 Nf6 13. Kh1 Qe8 14. g3 Qg6 15. Ng2 Qf7 16. Rb1 Na6 17. a3 Nc7 18. b4 Ng4 19. Bxg4 Bxc3 20. Bh5 Qg7 21. bxc5 dxc5 22. Bxc5 Rd8 23. Ne3 b6 24.
Bb4 Bd4 25. Qd2 a5 26. Nc2 Bf6 27. Rfd1 axb4 28. axb4 Ne6 29. Qc1 Nc7 30. Ne3 Qh6 31. Be2 Ra2 32. Rd2 Rxd2 33. Qxd2 Ne6 34. Nxf5 Qg6 35. Ne3 Nd4 36. c5 Bh3 37. c6 Nxc6 38.
f5 Bxf5 39. Rf1 Nd4 40. Nxf5 Nxf5 41. g4 Nd4 42. Bc4 Kg7 43. Qf4 Nf3 44. d6 Be5 45. Qe3 Rxd6 46. Rxf3 exf3 47. Qxe5+ Qf6 48. Qxf6+ Kxf6 49. Kg1 Rd4 0-1

[Event "Early-Titled-Tuesday-Blitz-October-10-2023"]
[Site "Chess.com"]
[Date "2023.10.10"]
[Round "9"]
[White "djokovic74"]
[Black "FontVella8"]
[Result "1-0"]
[WhiteElo "2753"]
[BlackElo "2633"]
[TimeControl "180+1"]
[EndTime "9:44:29 PDT"]
[Termination "djokovic74 won by resignation"]

1. c4 e6 2. Nf3 d5 3. g3 Nf6 4. d4 Bb4+ 5. Nbd2 dxc4 6. Bg2 b5 7. O-O a6 8. a3 Bxd2 9. Nxd2 Ra7 10. b3 Qxd4 11. Qc2 O-O 12. Nxc4 Qxa1 13. Be3 Qxf1+ 14. Kxf1 c5 15. Bxc5 Rc7 16. Bd6 bxc4 17. Bxc7 cxb3 18. Qxb3 Nbd7 19. Qc4 h6 20. a4 Re8 21. Bc6 e5 22. e4 Re6 23. Bd5 Nxd5 24. exd5 Re8 25. d6 Bb7 26. Qb3 Bc6 27. a5 Bb5+ 28. Kg1 e4 29. h3 h5 30. Kh2 h4 31. gxh4 Ne5 32. Qd5 Bc6 33. Qc5 e3 34. fxe3 Nf3+ 35. Kg3 Bb5 36.
Kxf3 Re6 37. Qd4 Rf6+ 38. Kg2 Bc6+ 39. Kg1 Rg6+ 40. Kf2 Rg2+ 41. Ke1 Bd7 42. Bd8 f6 43. Be7 Kf7 44. Qd5+ Be6 45. Qxg2 1-0

[Event "Early-Titled-Tuesday-Blitz-October-10-2023"]
[Site "Chess.com"]
[Date "2023.10.10"]
[Round "9"]
[White "MMAHDI2013"]
[Black "queen_iryna"]
[Result "1-0"]
[WhiteElo "2481"]
[BlackElo "2326"]
[TimeControl "180+1"]
[EndTime "9:44:29 PDT"]
[Termination "MMAHDI2013 won by resignation"]

1. c4 d6 2. d4 e5 3. dxe5 dxe5 4.
Qxd8+ Kxd8 5. Nc3 c6 6. Nf3 f6 7. b3 Be6 8. Bb2 Nd7 9. O-O-O Kc7 10. e3 a5 11. h3 Ne7 12. Bd3 Nc8 13. g4 Ncb6 14.
Nh4 a4 15. f4 axb3 16. axb3 Ba3 17. Bf5 Rhe8 18. Bxe6 Rxe6 19. f5 Ree8 20. Bxa3 Rxa3 21. Kb2 Raa8 22. Nf3 Nc5 23. Rhg1 Rad8 24. g5 Rxd1 25. Nxd1 Re7 26. gxf6 gxf6 27. Kc2 Ne4 28. Nc3 Nxc3 29. Kxc3 Nd7 30. Nd2 b6 31. Ne4 Rf7 32. b4 Nb8 33. h4 Kd8 34. h5 Ke8 35. Rg8+ Rf8 36. Nxf6+ Kf7 37. Rxf8+ Kxf8 38. Nxh7+ Kg7 39. Ng5 Nd7 40. e4 Kh6 41. Ne6 Kxh5 42. b5 cxb5 43. cxb5 Nf6 44. Kd3 Kh6 45. Nc7 Nd7 46. Kc4 Kg5 47. Kd5 Kf6 48. Na8 Ke7 49. Kc6 Nc5 50. Nxb6 Nxe4 51. Nd5+ Kf7 52. b6 Ng3 53. b7 Nxf5 54. b8=Q 1-0

[Event "Early-Titled-Tuesday-Blitz-October-10-2023"]
[Site "Chess.com"]
[Date "2023.10.10"]
[Round "9"]
[White "astralpulse"]
[Black "Fandorine"]
[Result "0-1"]
[WhiteElo "2720"]
[BlackElo "2916"]
[TimeControl "180+1"]
[EndTime "9:44:31 PDT"]
[Termination "Fandorine won on time"]

1. d4 Nf6 2. Nf3 g6 3. g3 Bg7 4.
Bg2 O-O 5. O-O d6 6. c4 c5 7.
Nc3 Nc6 8. dxc5 dxc5 9. Bf4 Nh5 10. Be3 b6 11. Qa4 Bd7 12. Rad1 Bxc3 13. bxc3 Qc8 14. Rd2 Ng7 15. Bh6 Nd4 16. Qd1 Nxf3+ 17. Bxf3 Bc6 18.
Bxc6 Qxc6 19. Rd7 Rfe8 20. Bxg7 Kxg7 21. Qd5 Qxd5 22. cxd5 Red8 23. Rxd8 Rxd8 24. c4 e6 25. e4 f5 26. f3 Kf6 27. Re1 fxe4 28. dxe6 exf3 29.
Kf2 Re8 30. Kxf3 Rxe6 31. Rd1 Ke7 32. a4 Rd6 33. Re1+ Kf7 34. a5 Rd3+ 35. Kg2 Rd2+ 36.
Kh3 Rb2 37. axb6 axb6 38. Rd1 Ke6 39. Re1+ Kd6 40. Rd1+ Kc6 41. Rc1 b5 42. cxb5+ Kxb5 43. g4 c4 44. g5 Kb4 45. Rf1 c3 46. Rf7 c2 47. Rb7+ Kc3 48. Rc7+ Kd2 49. Rd7+ Kc1 50. Rxh7 Rb4 51. Rc7 Kb2 52. Kg3 Rb3+ 53. Kg4 Rc3 54.
Rb7+ Ka3 55. Ra7+ Kb4 56. Ra1 c1=Q 57. Rxc1 Rxc1 58. Kf4 Rc5 0-1

[Event "Early-Titled-Tuesday-Blitz-October-10-2023"]
[Site "Chess.com"]
[Date "2023.10.10"]
[Round "9"]
[White "secrethawk1"]
[Black "Mystery2007"]
[Result "0-1"]
[WhiteElo "2278"]
[BlackElo "2479"]
[TimeControl "180+1"]
[EndTime "9:44:32 PDT"]
[Termination "Mystery2007 won by checkmate"]

1. d4 a6 2. e4 e6 3. c4 d5 4. cxd5 exd5 5. exd5 Nf6 6. Nc3 Nxd5 7. Nf3 Be7 8. Bd3 O-O 9. O-O Nc6 10. Re1 Bg4 11. h3 Bh5 12. Bb1 Bg6 13. Bxg6 hxg6 14. Qb3 Nb6 15.
Bf4 Bd6 16. Bg5 Qd7 17. Rad1 Rfe8 18. Ne5 Bxe5 19. dxe5 Qe6 20. Qc2 Qf5 21. Qxf5 gxf5 22.
f4 Re6 23. Bh4 Rae8 24. Bf2 Ne7 25. g3 Rc6 26. Rd3 Nc4 27. Re2 b5 28. b3 Na3 29.
Red2 b4 30. Nd5 Nxd5 31. Rxd5 Nb5 32. Rc5 Ree6 33. Rd8+ Kh7 34. Rd7 Rxc5 35. Bxc5 Rc6 36. Bxb4 Kg6 37. Kf2 Rc2+ 38. Rd2 Rc1 39. a4 Na7 40. Ba3 Ra1 41. Bb2 Rh1 42. Rc2 Rh2+ 43.
Ke3 Rxc2 44. Bd4 Nc6 45. Ba1 Nb4 46. e6 fxe6 47. h4 c5 48. Be5 Kh5 49. Bxg7 Kg4 50.
Be5 Rg2 51. Bd6 Rxg3+ 52. Ke2 Rxb3 53. Bxc5 Nd5 54. a5 Nxf4+ 55. Kf2 Rf3+ 56. Kg1 Rh3 57. Bf2 Kf3 58. h5 Ne2+ 59. Kf1 Rh1+ 60. Bg1 Rxg1# 0-1

[Event "Early-Titled-Tuesday-Blitz-October-10-2023"]
[Site "Chess.com"]
[Date "2023.10.10"]
[Round "9"]
[White "howitzer14"]
[Black "ferrufino64"]
[Result "1-0"]
[WhiteElo "3006"]
[BlackElo "2215"]
[TimeControl "180+1"]
[EndTime "9:44:33 PDT"]
[Termination "howitzer14 won by resignation"]

1. e4 c5 2. Nf3 d6 3. d4 cxd4 4. Nxd4 Nf6 5. Nc3 g6 6. Be2 Bg7 7. O-O Nc6 8. Nb3 O-O 9. Re1 b6 10. Bf1 Bb7 11. Bg5 Rc8 12. Qd2 Ne5 13. Rad1 a6 14. Nd5 Nc4 15. Bxc4 Rxc4 16. Bxf6 exf6 17. Qd3 Rc8 18. c3 b5 19. Nd2 Re8 20. Re2 Rc5 21. Nb3 Rc8 22. Rde1 h5 23. h3 Re6 24. Nd4 Re8 25.
Nb3 Rc4 26. Nd2 Rc8 27. f4 Rc5 28. Nb3 Rc4 29. Kh2 Bh6 30. g3 h4 31. Nd2 hxg3+ 32. Qxg3 Bxd5 33. Nxc4 Bxc4 34. Rg2 Kf8 35. f5 g5 36. b3 d5 37. bxc4 dxc4 38. e5 fxe5 39. Rxe5 Rxe5 40. Qxe5 Bg7 41. Qc5+ Kg8 42. Qe3 Bf6 43.
h4 Qd6+ 44. Kh3 Kf8 45. hxg5 Be5 46. Rd2 Qc7 47. Kg4 f6 48. g6 Qg7 49. Qc5+ Qe7 50.
Rd8+ 1-0

[Event "Early-Titled-Tuesday-Blitz-October-10-2023"]
[Site "Chess.com"]
[Date "2023.10.10"]
[Round "9"]
[White "KatakuriDono"]
[Black "a-z30"]
[Result "1-0"]
[WhiteElo "2341"]
[BlackElo "2463"]
[TimeControl "180+1"]
[EndTime "9:44:33 PDT"]
[Termination "KatakuriDono won by resignation"]

1. d4 Nf6 2. c4 e6 3. Nf3 d5 4.
g3 c5 5. cxd5 exd5 6. Bg2 Nc6 7.
O-O Be7 8. Nc3 O-O 9. dxc5 Bxc5 10. Bg5 d4 11. Bxf6 Qxf6 12. Ne4 Qe7 13. Nxc5 Qxc5 14.
Rc1 Qb6 15. Qd2 Be6 16. b3 Rad8 17. Rfd1 Rfe8 18. Qg5 h6 19. Qf4 Bd5 20. Qd2 d3 21. Qxd3 Bxf3 22. Qxf3 Nd4 23. Rxd4 Qxd4 24. h4 Rc8 25.
Rxc8 Rxc8 26. e3 Qa1+ 27. Kh2 Qxa2 28. Qxb7 Rf8 29. Kg1 a5 30. Bd5 Qb1+ 31. Kg2 Qe1 32. Qc7 Qb4 33. e4 g6 34. Qc6 Kg7 35. Qd7 Qd4 36.
Qc7 Qf6 37. Qxa5 Rc8 38. b4 Rc2 39. Qa7 Rb2 40. Qc5 Rd2 41. b5 Qd4 42. Qxd4+ Rxd4 43. b6 Rb4 44. b7 Kf6 45. Kf3 g5 46. hxg5+ hxg5 47. Ke3 Ke5 48. f4+ gxf4+ 49. gxf4+ Kd6 50. Kd3 f6 51. Kc3 Rb1 52. Kc2 Rb6 53. Kc3 Kc5 54. f5 Kd6 55. Kc4 Rb1 56. Kc3 Kc7 57. Kc4 Kd6 58. Kd3 Rxb7 59. Bxb7 Ke5 60. Bd5 Kd6 61. Kc4 Ke5 62. Kc5 1-0

[Event "Early-Titled-Tuesday-Blitz-October-10-2023"]
[Site "Chess.com"]
[Date "2023.10.10"]
[Round "9"]
[White "stepanosinovsky"]
[Black "Ariadna_Atreides"]
[Result "1-0"]
[WhiteElo "2378"]
[BlackElo "2195"]
[TimeControl "180+1"]
[EndTime "9:44:33 PDT"]
[Termination "stepanosinovsky won by resignation"]

1. e4 c6 2. d3 d5 3. Nd2 Qc7 4. Ngf3 e5 5. g3 Nf6 6. Bg2 Bd6 7. O-O O-O 8. Nh4 dxe4 9. dxe4 Rd8 10. Nc4 Bc5 11. Qe2 Bg4 12. Bf3 Bxf3 13. Qxf3 b5 14. Ne3 Nbd7 15. Nef5 Nf8 16. Bg5 Be7 17. Nxg7 Kxg7 18.
Nf5+ Kg8 19. Nxe7+ Qxe7 20. Bxf6 Qe6 21. Bxd8 Rxd8 22.
Rad1 Rc8 23. b3 a6 24. Qf5 c5 25. Rd5 Qxf5 26. exf5 f6 27. Rfd1 c4 28. Rd8 Rxd8 29.
Rxd8 cxb3 30. cxb3 Kf7 31. Ra8 Nd7 32. Rxa6 Nc5 33.
Ra5 Nd3 34. Rxb5 e4 35. Rb7+ Kg8 36. a4 Nc5 37. Rc7 Na6 38. Rd7 h5 39. a5 h4 40. gxh4 Nc5 41. Rd4 Nxb3 42. Ra4 Nc5 43. Ra1 Na6 44. Rb1 Kf7 45. Rb7+ Ke8 46. Kf1 Kf8 47.
Ke2 Nc5 48. Rc7 Nd3 49. Ke3 Nf4 50. Kxf4 1-0

[Event "Early-Titled-Tuesday-Blitz-October-10-2023"]
[Site "Chess.com"]
[Date "2023.10.10"]
[Round "9"]
[White "Ural_bogatyr"]
[Black "karinachess1"]
[Result "1/2-1/2"]
[WhiteElo "2537"]
[BlackElo "2620"]
[TimeControl "180+1"]
[EndTime "9:44:34 PDT"]
[Termination "Game drawn by repetition"]

1. d4 Nf6 2. Nc3 d5 3. Bf4 g6 4. e3 Bg7 5. Nb5 Na6 6. Nc3 Nb8 7. Nb5 Na6 8. Nc3 O-O 9. Bxa6 bxa6 10. Be5 c6 11. Nge2 Be6 12. O-O Ne8 13. Bxg7 Nxg7 14. Na4 Qd6 15. Nc5 a5 16. Qd2 Qc7 17. Nf4 Bf5 18. Nfd3 Bxd3 19. cxd3 Nf5 20. Rfc1 Rfc8 21.
Rc2 e5 22. dxe5 Qxe5 23. d4 Qf6 24. Rac1 Qg5 25. Kh1 Re8 26. Nd3 Kg7 27. Rxc6 Rab8 28. Ne5 Re7 29. b3 Rbe8 30. Rc7 Nxd4 31. Nxf7 Nxb3 32. axb3 Kxf7 33. Qxa5 Qe5 34. Qxa7 h5 35. Rxe7+ Rxe7 36. Qd4 Qxd4 37. exd4 Re2 38. Kg1 Rb2 39. g3 Rxb3 40. Rc5 Ke6 41. Rc6+ Kf5 42. Kg2 Rd3 43. h3 Rxd4 44. Kf3 Rd3+ 45. Ke2 Ra3 46. Rd6 Ra2+ 47.
Kf3 Ra3+ 48. Ke2 Ra2+ 49. Kf3 Ra3+ 50. Ke2 1/2-1/2

[Event "Early-Titled-Tuesday-Blitz-October-10-2023"]
[Site "Chess.com"]
[Date "2023.10.10"]
[Round "9"]
[White "PatzerSmashers"]
[Black "Witty_Alien"]
[Result "1-0"]
[WhiteElo "2422"]
[BlackElo "2239"]
[TimeControl "180+1"]
[EndTime "9:44:37 PDT"]
[Termination "PatzerSmashers won by resignation"]

1. d4 e5 2. dxe5 d6 3. Bf4 Nc6 4. exd6 Qf6 5. Qc1 Bxd6 6. Bxd6 Qxd6 7. Nf3 Bg4 8. Nbd2 O-O-O 9. h3 Bh5 10. e3 Nf6 11.
Be2 Kb8 12. O-O g5 13. Rd1 g4 14. Ne4 Qe7 15. Nxf6 gxf3 16. Nxh5 fxe2 17. Rxd8+ Rxd8 18. Qe1 Qe5 19. Qxe2 Qxb2 20. Rd1 Rg8 21. Nf4 Qxa2 22. Rd7 Ne5 23. Rd4 a5 24. Kh2 a4 25. Nd5 Rd8 26.
Nc3 Rxd4 27. Nxa2 Rc4 28. c3 Rc5 29. f4 Nc4 30. e4 b5 31. e5 Kb7 32. Nb4 a3 33. Qe4+ c6 34. h4 Kb6 35. Qxh7 Nd2 36. Qxf7 Rxc3 37. h5 Nf1+ 38. Kg1 Ng3 39. h6 Ne2+ 40. Kf2 Nd4 41. h7 Rc4 42. Qxc4 bxc4 43.
h8=Q Nb3 44. e6 Kb5 45. e7 Kxb4 46. e8=Q a2 47. Qb8+ Ka3 48. Qa7+ Kb4 49. Qb6+ Ka4 50. Qxc6+ Ka3 51. Qxc4 a1=Q 52. Qxb3+ Kxb3 53. Qxa1 Kc2 54. Qd4 1-0

[Event "Early-Titled-Tuesday-Blitz-October-10-2023"]
[Site "Chess.com"]
[Date "2023.10.10"]
[Round "9"]
[White "Russian_berezka"]
[Black "ChessFighter_2011"]
[Result "0-1"]
[WhiteElo "2651"]
[BlackElo "2864"]
[TimeControl "180+1"]
[EndTime "9:44:39 PDT"]
[Termination "ChessFighter_2011 won by resignation"]

1. d4 Nf6 2. c4 g6 3. Nc3 Bg7 4. e4 d6 5. Be2 O-O 6. Nf3 e5 7. O-O Nc6 8. d5 Ne7 9. Ne1 Ne8 10. Nd3 f5 11. f3 f4 12. b4 g5 13. a4 Ng6 14. c5 h5 15. a5 Rf7 16. Kh1 Bf8 17. c6 Nf6 18. Nf2 Rg7 19. Rg1 Nh8 20. g3 Nf7 21. b5 Rb8 22. Bd2 b6 23. axb6 axb6 24. Qa4 g4 25. Qa7 gxf3 26. Qxb8 fxe2 27. Ra8 Ng4 28.
Nxg4 Bxg4 29. Qxd8 Bf3+ 30. Rg2 Nxd8 31. Rxd8 fxg3 32. h3 h4 33. Kg1 Bxg2 34. Kxg2 Rf7 35. Be1 Rf1 36. Nxe2 Rxe1 37. Nxg3 hxg3 38. Kxg3 Rf1 39.
Kg4 Rf4+ 40. Kg5 Kg7 41. Rd7+ Rf7 42. h4 Be7+ 43. Kg4 Bf6 44. Kf5 Rxd7 45. cxd7 Bxh4 46. Ke6 Bd8 47. Kf5 Kf7 48. Kg4 Kg6 49. Kg3 Kg5 50. Kf3 Kh4 51. Ke3 Kg3 52. Kd3 Kf4 0-1

[Event "Early-Titled-Tuesday-Blitz-October-10-2023"]
[Site "Chess.com"]
[Date "2023.10.10"]
[Round "9"]
[White "AleksandrAleksikov"]
[Black "Treasurechess777"]
[Result "1-0"]
[WhiteElo "2244"]
[BlackElo "2384"]
[TimeControl "180+1"]
[EndTime "9:44:40 PDT"]
[Termination "AleksandrAleksikov won on time"]

1. e4 Nf6 2. e5 Nd5 3. d4 Nb6 4.
Nf3 d5 5. h3 Bf5 6. Nh4 Be4 7.
Nc3 e6 8. Nxe4 dxe4 9. g3 c5 10. Bg2 Nc6 11. Bxe4 cxd4 12. f4 Bb4+ 13. Kf2 Bc5 14.
Kg2 Qd7 15. a3 a5 16. Nf3 f6 17. exf6 gxf6 18. Ne1 O-O-O 19. Nd3 Be7 20. b4 Nd5 21. Bd2 h5 22. b5 Nb8 23. Qe1 Rdg8 24. Kh2 f5 25. Bxd5 Qxd5 26. Qe5 Qd7 27. Rhe1 Rh6 28. Nc5 Bxc5 29. Qxc5+ Kd8 30. Bxa5+ Ke8 31. Qxf5 Rhg6 32. Qxh5 Kf7 33. Rg1 Qd6 34. Bb4 Qb6 35. Raf1 Nd7 36. f5 exf5 37. Rxf5+ Ke8 38. Re1+ Kd8 39. Qh4+ Kc8 40. Rf3 Qc7 41. Qf4 Qxc2+ 42. Rf2 Qc7 43. Qxc7+ Kxc7 44. g4 b6 45. Kg3 Nc5 46. Re5 Kd6 47. Rh5 Kd7 48. Rf4 Ne6 49. Re4 Rc8 50. Rd5+ Ke8 51. Rd6 Kf7 52. h4 Rc2 53. g5 Rf6 54. gxf6 Nf8 55. Rg4 1-0

[Event "Early-Titled-Tuesday-Blitz-October-10-2023"]
[Site "Chess.com"]
[Date "2023.10.10"]
[Round "9"]
[White "koncheto"]
[Black "InitiatingASC"]
[Result "0-1"]
[WhiteElo "2497"]
[BlackElo "2362"]
[TimeControl "180+1"]
[EndTime "9:44:41 PDT"]
[Termination "InitiatingASC won by resignation"]

1. e4 c5 2. Nf3 Nc6 3. d4 cxd4 4. Nxd4 Nf6 5. Nc3 e5 6. Ndb5 h6 7. Nd6+ Bxd6 8. Qxd6 Qe7 9. Qxe7+ Kxe7 10. Bc4 Rd8 11. Be3 d6 12. f3 Be6 13. Bb3 Bxb3 14. axb3 d5 15. exd5 Nxd5 16. Nxd5+ Rxd5 17. Ke2 Nd4+ 18. Bxd4 Rxd4 19. Rhd1 Rxd1 20. Rxd1 Rc8 21. c3 Ke6 22. Ke3 f5 23. g3 g5 24. Rd2 Rh8 25. h3 Re8 26.
Rd3 Ke7 27. Rd5 Ke6 28. Ra5 a6 29. b4 Rc8 30. f4 exf4+ 31. gxf4 g4 32. hxg4 fxg4 33.
Rh5 Rh8 34. Ke4 Kf6 35. f5 g3 36. Kf3 Rg8 37. Kg2 Rg7 38. Rxh6+ Kxf5 39. Rh4 Ke5 40. Rd4 Kf5 41. Rc4 Ke5 42. Rd4 Ke6 43. Rd3 Ke5 44.
Rxg3 Rxg3+ 45. Kxg3 Ke4 46. Kg4 Kd3 47. Kf5 Kc2 48. c4 Kb3 49. Ke6 Kxc4 50. Kd7 Kxb4 51. Kc7 b5 52. Kb6 a5 53. Ka6 a4 54. Kb6 Kc4 55. Ka5 Kc5 56. Ka6 b4 57. Ka5 a3 58.
Ka4 a2 59. Kb3 a1=Q 60. Kc2 Qa2 0-1

[Event "Early-Titled-Tuesday-Blitz-October-10-2023"]
[Site "Chess.com"]
[Date "2023.10.10"]
[Round "9"]
[White "FairChess_on_YouTube"]
[Black "dropstoneDP"]
[Result "1-0"]
[WhiteElo "3077"]
[BlackElo "3079"]
[TimeControl "180+1"]
[EndTime "9:44:42 PDT"]
[Termination "FairChess_on_YouTube won by resignation"]

1. c4 Nf6 2. Nc3 e5 3. e3 Nc6 4. a3 d5 5. cxd5 Nxd5 6. Qc2 Nxc3 7. Qxc3 Bd6 8. b4 O-O 9. Nf3 a6 10. Bb2 Re8 11. Bc4 Be6 12. d3 Qd7 13. O-O Rad8 14. Rac1 f6 15. Rfd1 Bf8 16. Bxa6 Nxb4 17. Bc4 Na2 18.
Bxa2 Bxa2 19. Qxc7 Qb5 20. Qc3 Rc8 21. Qd2 Bb3 22.
Rxc8 Rxc8 23. Rc1 Rxc1+ 24. Bxc1 Be6 25. h3 h6 26. Qc3 Qb1 27. Kh2 b5 28. d4 exd4 29.
Nxd4 Bc4 30. Qb2 Bd6+ 31. f4 Qd3 32. Qc2 Qxc2 33. Nxc2 Bd3 34. Nb4 Bxb4 35. axb4 Kf7 36. Bb2 Be4 37. g4 g6 38. Kg3 g5 39. h4 Bd3 40. f5 gxh4+ 41. Kxh4 Be2 42. Kh5 Bf3 43. Bd4 Kg7 44. Bc5 Kf7 45. Bd6 Kg7 46. Bf4 Kf7 47. Bxh6 Be2 48. Bf4 Bf3 49. Bd6 Be2 50. Bc5 Bf3 51. Bd4 Be2 52. Kh4 Bd3 53. Kg3 1-0

[Event "Early-Titled-Tuesday-Blitz-October-10-2023"]
[Site "Chess.com"]
[Date "2023.10.10"]
[Round "9"]
[White "GalaxyRoman"]
[Black "SharapovEvgeny"]
[Result "1-0"]
[WhiteElo "2795"]
[BlackElo "2616"]
[TimeControl "180+1"]
[EndTime "9:44:47 PDT"]
[Termination "GalaxyRoman won by resignation"]

1. e4 c5 2. Nc3 Nc6 3. f4 g6 4.
Nf3 Bg7 5. Bb5 Nd4 6. O-O Nxb5 7. Nxb5 a6 8. Nc3 d6 9. d3 Nf6 10. Qe1 O-O 11. Bd2 b5 12. Qh4 Bb7 13. Rad1 b4 14.
Ne2 d5 15. e5 Nd7 16. e6 Nf6 17. Ng5 fxe6 18. Nxe6 Qd6 19. Nxf8 Rxf8 20. f5 d4 21. fxg6 hxg6 22. Qg3 Qxg3 23. Nxg3 a5 24. Rde1 Re8 25. Bg5 Nd5 26. Ne4 Ne3 27. Bxe3 dxe3 28. Nxc5 Bd5 29. Rf4 Bxb2 30. Rg4 e5 31. Rxg6+ Kf7 32. Ra6 Bd4 33. Nb3 Rg8 34. g3 Bc3 35. Rxe3 Bxb3 36.
axb3 Bd4 37. Kf2 Rc8 38. Kf3 Bxe3 39. Kxe3 Rxc2 40. h4 Rc3 41. Rxa5 Rxb3 42. Rxe5 Rb1 43. Rb5 b3 44. Kf3 b2 45. Kg4 Ke6 46. h5 Kf6 47. Rb6+ Ke5 48. Rb4 Kf6 49. d4 Ke6 50.
Rb5 Kd6 51. d5 Ke5 52. h6 Rh1 53. Rxb2 Rxh6 54. Rd2 Rg6+ 55. Kh4 Rg8 56. g4 Rh8+ 57. Kg3 Rd8 58. d6 Rxd6 59. Rxd6 Kxd6 60. Kh4 Ke6 61.
Kh5 Kf6 62. Kh6 Kf7 63. g5 Kg8 64. Kg6 Kf8 65. Kh7 Kf7 66. g6+ Kf6 67. g7 1-0

[Event "Early-Titled-Tuesday-Blitz-October-10-2023"]
[Site "Chess.com"]
[Date "2023.10.10"]
[Round "9"]
[White "DawidCzerw"]
[Black "GMKrikor"]
[Result "0-1"]
[WhiteElo "2538"]
[BlackElo "2829"]
[TimeControl "180+1"]
[EndTime "9:44:47 PDT"]
[Termination "GMKrikor won on time"]

1. e4 e6 2. d4 d5 3. Nc3 Nf6 4. Bg5 dxe4 5. Nxe4 Be7 6. Bxf6 gxf6 7. Nf3 f5 8. Nc3 a6 9. g3 b5 10. Bg2 Bb7 11.
O-O O-O 12. Ne2 c5 13. Nf4 cxd4 14. Nxd4 Bxg2 15. Kxg2 Bf6 16. c3 Ra7 17. Nh5 Rd7 18.
Nxf6+ Qxf6 19. Qf3 Rd6 20. Ne2 Nd7 21. Rad1 Ne5 22.
Qb7 Rfd8 23. Rd4 Nc6 24. Rxd6 Rxd6 25. Qxa6 Qe5 26. Nf4 Ne7 27. Qa8+ Kg7 28. Nh5+ Kg6 29. Qf8 Kxh5 30. Qxe7 Kg6 31. h4 h6 32. h5+ Kg7 33.
Qa7 Rd2 34. a4 bxa4 35. Qxa4 Rxb2 36. Qd4 Qxd4 37. cxd4 Rd2 38. Ra1 Rxd4 39. f4 Kf6 40. Ra8 Rd2+ 41. Kh3 Rd3 42. Rh8 Kg7 43. Ra8 Rd7 44.
Rb8 Re7 45. Ra8 f6 46. Rb8 e5 47. fxe5 fxe5 48. Rb6 e4 49. Kg2 Rf7 50. Rg6+ Kh7 51.
Kf2 Rg7 52. Rf6 Rg5 53. Rf7+ Kg8 54. Rb7 Rxh5 55. Rb5 Rg5 56. g4 fxg4 0-1

[Event "Early-Titled-Tuesday-Blitz-October-10-2023"]
[Site "Chess.com"]
[Date "2023.10.10"]
[Round "9"]
[White "carloseduar100"]
[Black "Juicy_Fork"]
[Result "1-0"]
[WhiteElo "2336"]
[BlackElo "2440"]
[TimeControl "180+1"]
[EndTime "9:44:47 PDT"]
[Termination "carloseduar100 won on time"]

1. e4 e5 2. Nf3 Nc6 3. Nc3 Nf6 4.
Nxe5 Nxe5 5. d4 Nc6 6. d5 Nb8 7. e5 Ng8 8. d6 cxd6 9. exd6 Nf6 10. Nb5 Na6 11. Qe2+ Be7 12. dxe7 Qxe7 13. Nd6+ Kf8 14. Bf4 Nd5 15. Bg3 Nab4 16. O-O-O Nxa2+ 17. Kb1 Nac3+ 18. bxc3 Nxc3+ 19. Kb2 Nxe2 20. Bxe2 g6 21. Rhe1 Qf6+ 22. Kb1 Qc3 23. Bc4 f6 24. Bb3 a5 25. Bf4 h5 26. Re8+ Kg7 27. Re7+ Kf8 28. Rf7+ Kg8 29. Rxf6+ Kg7 30. Rf7+ Kg8 31. Be5 Qxe5 32. Rf5+ Qe6 33. Bxe6+ dxe6 34. Rf7 Ra6 35. Rc7 Rb6+ 36. Ka2 Rc6 37.
Rxc8+ Rxc8 38. Nxc8 Kf7 39. Nd6+ Ke7 40. Nxb7 Rc8 41.
Rd2 Rc7 42. Nd6 Rd7 43. Ne4 Rc7 44. c3 Rc4 45. f3 e5 46. Rd5 Ke6 47. Rxa5 Rc6 48.
Kb3 Rb6+ 49. Kc2 Rb8 50. Ra6+ Kf7 51. Rf6+ Kg7 52. Re6 Ra8 53. Kd3 Ra2 54. Nd2 Rb2 55. Rxe5 Kf6 56. Re4 Ra2 57. h3 Ra1 58. g4 Rd1 59. c4 1-0